 Dungeon Crawl Stone Soup version 0.22.1-6-g1668fe2 (webtiles) character file.

4239 teukkam the Fighter (level 10, 0/91 HPs)
             Began as a Minotaur Fighter on Jan 24, 2019.
             Was an Elder of Kikubaaqudgha.
             Slain by a hornet (13 damage)
             ... while paralysed by a hornet
             ... on level 10 of the Dungeon.
             The game lasted 00:37:05 (9504 turns).

teukkam the Fighter (Minotaur Fighter)              Turns: 9504, Time: 00:37:06

Health: 0/91       AC:  4    Str: 18    XL:     10   Next: 9%
Magic:  16/16      EV:  2    Int:  8    God:    Kikubaaqudgha [****..]
Gold:   417        SH:  0    Dex: 11    Spells: 11/18 levels left

rFire    + . .     SeeInvis .   a - +7 dagger of the Invisible People {pierce, rF+}
rCold    + . .     Gourm    +   (no shield)
rNeg     . . .     Faith    .   K - +2 robe {MR+}
rPois    .         Spirit   .   (helmet restricted)
rElec    .         Reflect  .   G - scarf {repulsion}
rCorr    .         Harm     .   (no gloves)
MR       ++...                  (no boots)
Stlth    +.........             o - amulet of the gourmand
HPRegen  0.25/turn              j - ring of protection from cold
MPRegen  0.15/turn              b - ring of protection from magic

@: paralysed, lethally poisoned (0 -> -23), repel missiles
A: retaliatory headbutt, horns 2, talons 1, blink, weak 1
a: Blink, Receive Corpses, Renounce Religion


You were on level 10 of the Dungeon.
You worshipped Kikubaaqudgha.
Kikubaaqudgha was greatly pleased with you.
You were full.

You visited 1 branch of the dungeon, and saw 10 of its levels.

You collected 417 gold pieces.

Inventory:

Hand Weapons
 a - the +7 dagger of the Invisible People (weapon) {pierce, rF+}
   (You found it on level 7 of the Dungeon)

   It inflicts extra damage upon your enemies.
   It protects you from fire.
 w - a +1 war axe
 D - the +3 long sword "Guarheup" {drain, rN+}
   (You found it on level 4 of the Dungeon)

   A truly terrible weapon, it drains the life of those it strikes.
   It protects you from negative energy.
 I - a +0 blowgun
 J - a +4 scimitar of flaming
Missiles
 g - 122 arrows
 k - 197 stones (quivered)
 m - 54 bolts
 n - 6 curare-tipped needles
 s - 48 poisoned needles
 t - 17 tomahawks
 E - a throwing net
Armour
 c - a +0 shield
 q - a +0 leather armour
 G - a scarf of repulsion (worn)
 K - a +2 robe of magic resistance (worn)
Jewellery
 b - a ring of protection from magic (right hand)
 e - an uncursed ring of protection from magic
 j - a ring of protection from cold (left hand)
 o - an amulet of the gourmand (around neck)
 B - an uncursed ring of flight
Wands
 d - a wand of polymorph (29)
 p - a wand of iceblast (13)
 u - a wand of digging (14)
 x - a wand of clouds (3)
Scrolls
 i - 13 scrolls of identify
 l - 3 scrolls of remove curse
 r - 2 scrolls of fog
 y - a scroll of enchant armour {unknown}
Potions
 h - a potion of lignification
 v - a potion of mutation
 z - a potion of flight {unknown}
 A - 2 potions of magic {unknown}
 F - 2 potions of curing
 H - a potion of haste
Comestibles
 f - 15 rations


   Skills:
 + Level 9.6 Fighting
 + Level 4.0(5.4) Short Blades
 - Level 6.1(6.8) Long Blades
 - Level 4.4 Axes
 - Level 4.2 Armour
 - Level 4.2 Shields
 + Level 4.7 Spellcasting
 + Level 5.2 Necromancy


You had 11 spell levels left.
You knew the following spells:

 Your Spells              Type           Power        Failure   Level  Hunger
a - Pain                  Necr           ##..         3%          1    #......
b - Corpse Rot            Necr           N/A          4%          2    ###....
c - Animate Dead          Necr           N/A          30%         4    #####..

Your spell library contained the following spells:

 Spells                   Type           Power        Failure   Level  Hunger
 Sublimation of Blood     Necr           ##........   4%          2    ###....
 Vampiric Draining        Necr           ##........   10%         3    ###....
 Beastly Appendage        Tmut           #.....       26%         1    #......
 Sticks to Snakes         Tmut           #.......     38%         2    ###....
 Spider Form              Tmut/Pois      #.........   63%         3    ###....
 Dispel Undead            Necr           ##......     65%         5    ######.
 Bolt of Draining         Conj/Necr      #.........   94%         5    ######.
 Borgnjor's Vile Clutch   Necr/Erth      #.........   94%         5    ######.
 Ice Form                 Ice/Tmut       #.......     95%         4    #####..
 Blade Hands              Tmut           #.........   100%        5    ######.
 Simulacrum               Ice/Necr       #.........   100%        6    #######


Dungeon Overview and Level Annotations

Branches:
Dungeon (10/15)            Temple (0/1) D:7
   Lair: D:8-11         Orc: D:9-12

Altars:
Cheibriados
Dithmenos
Kikubaaqudgha
Makhleb
Nemelex Xobeh
Qazlal
Ru
Sif Muna
Wu Jian
Yredelemnul
Zin

Shops:
D:6 }

Annotations:
D:5 2 transporters


Innate Abilities, Weirdness & Mutations

You reflexively headbutt those who attack you in melee.
You have a pair of horns on your head.
You have sharp toenails.
You can translocate small distances at will.
You are weak. (Str -2)


Message History

You can move again.
You barely miss the hornet.
The hornet is heavily wounded.
You feel yourself speed up.
You feel sick. The hornet closely misses you.
You closely miss the hornet. Your kick misses the hornet.
The hornet is heavily wounded.
You feel sick. The hornet stings you!
You are more poisoned.
You feel yourself slow down.
Unknown command.
You hit the hornet. Your headbutt misses the hornet.
The hornet is heavily wounded.
You feel yourself speed up.
You feel very sick. The hornet stings you!!
* * * LOW HITPOINT WARNING * * *
You suddenly lose the ability to move!
The hornet stings you!
You die...
Kikubaaqudgha rasps: "You have failed me!
Welcome... death!"

............#.......#
.........#########+##
######.## #...# ##
#.### . #.# .# ##'##
###.#####
#...######........
#.#.#.....@.......
#.#.'.####y?......
#.#.### #........
....# #........ +####
#........ ##.######
.# ..


You could see a hornet.

Vanquished Creatures
  Erica (D:9)
  A hornet (D:9)
  A hippogriff (D:9)
  Edmund (D:6)
  Duvessa (D:6)
  3 orc warriors
  2 phantoms
  3 ice beasts
  A sky beast (D:5)
  2 ogres (D:4)
  3 bullfrogs
  A big kobold (D:9)
  4 scorpions
  Dowan (D:6)
  3 killer bees (D:9)
  3 wights (D:8)
  2 howler monkeys
  2 centaur zombies
  3 crimson imps
  A hound (D:2)
  2 jellies
  4 orc wizards
  5 orc priests
  3 iguanas
  6 worker ants
  16 gnolls
  A howler monkey skeleton (D:4)
  5 adders
  A worker ant zombie (D:9)
  A shadow imp (D:9)
  An ooze (D:1)
  2 adder skeletons
  2 adder zombies
  A worm (D:2)
  3 leopard geckos
  22 orcs
  2 giant cockroaches
  6 goblins
  5 hobgoblins
  7 jackals
  6 kobolds
  7 quokkas
  4 bats
  3 frilled lizards
  A jackal skeleton (D:4)
  A quokka zombie (D:6)
  12 rats
168 creatures vanquished.

Vanquished Creatures (collateral kills)
  2 ogres (D:7)
2 creatures vanquished.

Vanquished Creatures (others)
  4 fungi (D:8)
4 creatures vanquished.

Grand Total: 174 creatures vanquished

Notes
Turn   | Place    | Note
-------+----------+-------------------------------------------
     0 | D:1      | teukkam the Minotaur Fighter began the quest for the Orb.
     0 | D:1      | Reached XP level 1. HP: 19/19 MP: 0/0
    87 | D:1      | Reached XP level 2. HP: 26/27 MP: 1/1
   234 | D:2      | Reached skill level 4 in Fighting
   275 | D:2      | Found a faded altar of an unknown god.
   287 | D:2      | Became a worshipper of Kikubaaqudgha
   287 | D:2      | Reached * piety under Kikubaaqudgha
   287 | D:2      | Identified Kikubaaqudgha's Collected Works on Sinister
                  | Rituals (Kikubaaqudgha gifted it to you on level 2 of the
                  | Dungeon)
   287 | D:2      | Received a gift from Kikubaaqudgha
   388 | D:2      | Reached XP level 3. HP: 17/33 MP: 2/2
   416 | D:2      | Learned a level 1 spell: Pain
  1098 | D:3      | Reached XP level 4. HP: 41/41 MP: 3/3
  1114 | D:3      | Reached ** piety under Kikubaaqudgha
  1228 | D:3      | Learned a level 2 spell: Corpse Rot
  1324 | D:3      | Noticed a phantom
  1353 | D:4      | Noticed an ogre
  1438 | D:3      | Killed a phantom
  1438 | D:3      | Reached skill level 5 in Fighting
  1438 | D:3      | Reached skill level 1 in Spellcasting
  1438 | D:3      | Reached skill level 1 in Necromancy
  1438 | D:3      | Reached XP level 5. HP: 10/48 MP: 3/5
  1719 | D:3      | Found a sparkling altar of Nemelex Xobeh.
  1792 | D:3      | Found a glowing silver altar of Zin.
  1792 | D:3      | Found a snail-covered altar of Cheibriados.
  2167 | D:4      | Killed an ogre
  2167 | D:4      | Reached XP level 6. HP: 41/56 MP: 4/7
  2232 | D:4      | Got an encrusted long sword
  2233 | D:4      | Identified the cursed +3 long sword "Guarheup" {drain, rN+}
                  | (You found it on level 4 of the Dungeon)
  2274 | D:4      | Reached skill level 1 in Long Blades
  2474 | D:4      | Found a basalt altar of Yredelemnul.
  2760 | D:4      | Found a deep blue altar of Sif Muna.
  2930 | D:5      | Entered Level 5 of the Dungeon
  2930 | D:5      | Noticed a sky beast
  2948 | D:5      | Killed a sky beast
  2969 | D:5      | Reached XP level 7. HP: 32/62 MP: 8/8
  3349 | D:5      | Reached skill level 6 in Fighting
  3546 | D:5      | Found a transporter.
  3736 | D:5      | Reached *** piety under Kikubaaqudgha
  3736 | D:5      | Identified Kikubaaqudgha's Catalogue of Black Secrets
                  | (Kikubaaqudgha gifted it to you on level 5 of the Dungeon)
  3736 | D:5      | Received a gift from Kikubaaqudgha
  3743 | D:5      | Learned a level 4 spell: Animate Dead
  3776 | D:5      | Found a shadowy altar of Dithmenos.
  3780 | D:5      | Found a transporter.
  4048 | D:6      | Noticed Edmund
  4060 | D:6      | Killed Edmund
  4062 | D:6      | Reached XP level 8. HP: 58/71 MP: 7/10
  4160 | D:6      | Noticed Dowan
  4160 | D:6      | Noticed Duvessa
  4168 | D:6      | Killed Dowan
  4210 | D:6      | Killed Duvessa
  4210 | D:6      | Reached skill level 7 in Fighting
  4545 | D:6      | Gained mutation: You have sharp toenails. [potion of
                  | mutation]
  4545 | D:6      | Gained mutation: You are weak. (Str -2) [potion of
                  | mutation]
  4545 | D:6      | Gained mutation: You can translocate small distances at
                  | will. [potion of mutation]
  4995 | D:6      | Reached skill level 5 in Long Blades
  5613 | D:6      | Found an ornate altar of the Wu Jian Council.
  5789 | D:6      | Reached skill level 8 in Fighting
  5789 | D:6      | Reached XP level 9. HP: 65/81 MP: 13/13
  5946 | D:6      | Found Ahalofoesa's Gadget Shop.
  6031 | D:7      | Reached **** piety under Kikubaaqudgha
  6303 | D:7      | Found an ancient bone altar of Kikubaaqudgha.
  6308 | D:7      | Found a sacrificial altar of Ru.
  6624 | D:7      | Got a bloodstained dagger
  6625 | D:7      | Identified the +7 dagger of the Invisible People {pierce,
                  | rF+} (You found it on level 7 of the Dungeon)
  6703 | D:7      | Found a stormy altar of Qazlal.
  6747 | D:7      | Found a staircase to the Ecumenical Temple.
  6869 | D:7      | Reached skill level 1 in Short Blades
  8019 | D:9      | Reached skill level 9 in Fighting
  8657 | D:9      | Noticed Erica
  8670 | D:9      | Killed Erica
  8670 | D:9      | Reached skill level 5 in Necromancy
  8670 | D:9      | Reached XP level 10. HP: 51/91 MP: 14/16
  8873 | D:9      | Found a burning altar of Makhleb.
  9231 | D:10     | Entered Level 10 of the Dungeon
  9499 | D:10     | Paralysed by a hornet for 2 turns
  9504 | D:10     | Paralysed by a hornet for 3 turns
  9504 | D:10     | Slain by a hornet

Skill      XL: |  1  2  3  4  5  6  7  8  9 10 |
---------------+-------------------------------+-----
Armour         | 4 |  4.2
Fighting       | 4 5 6 8 9 |  9.6
Shields        | 4 |  4.2
Axes           | 3 4 |  4.4
Spellcasting   | 1 2 3 4 |  4.7
Necromancy     | 1 2 4 5 |  5.2
Long Blades    | 1 3 5 6 |  6.1
Short Blades   | 3 4 |  4.0

Action                   |  1- 3 |  4- 6 |  7- 9 | 10-12 || total
-------------------------+-------+-------+-------+-------++-------
Melee: War axe           |    59 |    59 |       |       ||   118
       Headbutt          |     8 |     9 |    41 |     4 ||    62
       Long sword        |       |    18 |   159 |       ||   177
       Kick              |       |       |    40 |     3 ||    43
       Dagger            |       |       |   111 |    22 ||   133
Throw: Javelin           |       |    21 |     2 |     6 ||    29
       Stone             |       |     5 |       |       ||     5
       Tomahawk          |       |       |    16 |       ||    16
 Cast: Pain              |       |     9 |    18 |     5 ||    32
       Corpse Rot        |       |     1 |    13 |     2 ||    16
       Animate Dead      |       |       |     4 |       ||     4
 Abil: Blink             |       |       |     1 |     1 ||     2
       Evoke Flight      |       |       |     1 |       ||     1
Evoke: Wand              |       |       |     1 |       ||     1
  Use: Potion            |       |     7 |     3 |       ||    10
       Scroll            |       |     8 |     3 |       ||    11
 Stab: Distracted        |       |       |     1 |       ||     1
  Eat: Ration            |     1 |     1 |     2 |       ||     4
       Chunk             |       |     1 |    27 |     2 ||    30
Armor: Scale mail        |    19 |       |       |       ||    19
       Leather armour    |     4 |    10 |    41 |       ||    55
       Skin              |       |    13 |     1 |       ||    14
       Robe              |       |       |       |     5 ||     5
Dodge: Dodged            |    18 |    45 |   113 |    17 ||   193
       Deflected         |       |       |     1 |       ||     1
Block: Shield            |    25 |       |       |       ||    25
       Rpst.: Long sword |       |     1 |    20 |       ||    21
